 Dungeon Crawl Stone Soup version 0.32-a0-30-gefbe487952 (webtiles) character file.

Game seed: 5286506343570710192

18 LeprechaunX the Changeling (level 2, 0/18 HPs)
             Began as an Octopode Shapeshifter on Jan 19, 2024.
             Slain by a goblin
             ... wielding a +0 club
              (4 damage)
             ... on level 2 of the Dungeon.
             The game lasted 00:00:15 (131 turns).

LeprechaunX the Changeling (Octopode Shapeshifter)   Turns: 131, Time: 00:00:15

Health: 0/18       AC:  1    Str: 13    XL:     2   Next: 66%
Magic:  2/2        EV: 13    Int: 12    God:
Gold:   0          SH:  0    Dex: 11    Spells: 1/1 levels left

rFire   . .          .
                       - Unarmed
rCold   . . .        (no shield)
rNeg    . . .        (helmet currently unavailable)
rPois   .            (no amulet)
rElec   .            (no ring)
rCorr   .            (no ring)
SInv    .            (no ring)
Will    .....        (no ring)
Stlth   ++           (no ring)
HPRegen 0.23/turn    (no ring)
MPRegen 0.08/turn    (no ring)
                     (no ring)

%: no passive effects
@: beast-form
A: beast (slay +1), almost no armour, amphibious, 8 rings, camouflage 1,
gelatinous body 1, (nimble swimmer 1), tentacles
a: Begin Untransformation


You were on level 2 of the Dungeon.
You were a hulking beast.
You visited 1 branch of the dungeon, and saw 2 of its levels.

Inventory:

Talismans
 b - a beast talisman
 c - a flux talisman
Potions
 a - a potion of lignification
 d - a potion of mutation {unknown}
 e - a potion of heal wounds {unknown}


   Skills:
 + Level 1.3 Fighting
 + Level 2.2 Dodging
 + Level 3.2 Unarmed Combat
 * Level 3.3 Shapeshifting


You had one spell level left.
You didn't know any spells.
Your spell library contained the following spells:

 Spells                   Type           Power      Damage    Failure   Level
 Static Discharge         Conj/Air       0%         3-3/arc   45%         2
 Stone Arrow              Conj/Erth      0%         3d7       69%         3
 Airstrike                Air            0%         2d(0-16)  97%         4
 Summon Lightning Spire   Summ/Air       0%         N/A       97%         4
 Lehudib's Crystal Spear  Conj/Erth      0%         10d2      100%        8
 Animate Armour           Summ/Erth      Unusable   N/A       N/A         4

Dungeon Overview and Level Annotations

Branches:
Dungeon (1/15)

Altars:

Annotations:
D:2 Ijyb


Innate Abilities, Weirdness & Mutations

You are a hulking beast.
Your limbs bulge with bestial killing power. (Slay +1)
You cannot wear most types of armour.
You are amphibious.
You can wear up to eight rings at the same time.
Your skin changes colour to match your surroundings (Stealth+).
Your rubbery body absorbs attacks. (AC +1, EV +1)
((You are camouflaged when in or above water. (Stealth+)))
You have tentacles for arms and can constrict up to eight enemies at once.


Message History

You constrict the adder.
You kill the adder!
The goblin completely misses you.
You have reached level 2!
The goblin attacks as it pursues you! The goblin closely misses you.
The goblin attacks as it pursues you! The goblin hits you with a +0 dagger.
You bludgeon the goblin!
You kill the goblin!
You barely miss the endoplasm. The endoplasm freezes you.
You are frozen.
You bludgeon the endoplasm!
You kill the endoplasm!
You closely miss the goblin. You grab the goblin.
You constrict the goblin, but do no damage.
The goblin hits you with a +0 dagger.
You tentacle-slap the goblin.
You kill the goblin!
You barely miss the rat. Your grab misses the rat. The rat closely misses you.
You tentacle-slap the rat.
You kill the rat!
You tentacle-slap Ijyb but do no damage.
Your grab misses Ijyb. Ijyb hits you with a +0 club.
You tentacle-slap Ijyb. You grab Ijyb.
Ijyb is lightly wounded.
You constrict Ijyb, but do no damage.
Ijyb escapes!
You closely miss the goblin. You grab the goblin. You squeeze the goblin.
The goblin is heavily wounded.
You constrict the goblin.
You kill the goblin!
Ijyb closely misses you.
You swing at nothing.
Ijyb hits you with a +0 club.
You closely miss the goblin. Your grab misses the goblin.
You squeeze the goblin.
You kill the goblin!
Ijyb hits you with a +0 club.
* * * LOW HITPOINT WARNING * * *
Unknown command.
The goblin attacks as it pursues you! The goblin hits you with a +0 club.
You die...

#..... #.....
#... . ####...
.## #8.....8#
....... #.#
#.......#
#....#.##.###
#8.....8#
#.......#.#.#
#.......#
####.#......#
#8g....8#
........###h#
#..g....#
#.##.####
#g###8.....8#
...
#g)g..†.....#
###
####.........
...........
.............
#..........)..
#.............
#......?......


You could see Ijyb and a goblin.

Vanquished Creatures
  An adder (D:2)
  2 bats (D:1)
  An endoplasm (D:2)
  A ball python (D:1)
  4 goblins (D:2)
  A rat (D:2)
10 creatures vanquished.

Notes
Turn   | Place    | Note
-------+----------+-------------------------------------------
     0 | D:1      | LeprechaunX the Octopode Shapeshifter began the quest for
                  | the Orb.
     0 | D:1      | Reached XP level 1. HP: 13/13 MP: 1/1
    97 | D:1      | You fall into a shaft and drop 1 floor!
   108 | D:2      | Noticed Ijyb
   115 | D:2      | Reached XP level 2. HP: 18/18 MP: 2/2
   131 | D:2      | Slain by a goblin

Illustrated notes

Levels and vault maps discovered:
D:1:      heliophobic_arrival_henge, layout_basic, minmay_pentomino_z4
D:2:      kennysheep_the_goblin_king, layout_basic

Action                     || total
---------------------------++-------
  Melee: Unarmed           ||    20
         Constrict         ||     5
         Tentacles         ||     3
         Punch             ||     1
 Armour: Skin              ||    11
  Dodge: Dodged            ||    10

Table legend: (Time is in decaauts)
 A = Elapsed time spent in this place.
 B = Non-inter-level travel time spent in this place.
 C = Inter-level travel time spent in this place.
 D = Time resting spent in this place.
 E = Time spent auto-exploring this place.
 F = Levels seen in this place.
 G = Mean time per level.
                   A        B        C        D        E       F      G
               +--------+--------+--------+--------+--------+-----+--------+
         Total |    129 |    129 |      0 |      0 |     84 |   2 |   64.5 |
       Dungeon |    129 |    129 |      0 |      0 |     84 |   2 |   64.5 |
               +--------+--------+--------+--------+--------+-----+--------+

Top non-repeatable levels by time:
     D:1: 96 daAuts
     D:2: 33 daAuts
